 Dungeon Crawl Stone Soup version 0.20.1-4-g4af34eaf8e (webtiles) character file.

642 Alfie the Shooter (level 7, -3/59 HPs)
             Began as a Minotaur Hunter on Feb 26, 2020.
             Slain by a troll (15 damage)
             ... on level 5 of the Dungeon.
             The game lasted 00:12:26 (3455 turns).

Alfie the Shooter (Minotaur Hunter)                 Turns: 3455, Time: 00:12:27

Health: -3/59      AC:  4    Str: 19      XL:     7   Next: 26%
Magic:  6/6        EV: 12    Int:  7 (8)  God:
Gold:   174        SH:  0    Dex: 11 (14) Spells: 6/6 levels left

rFire    . . .     SeeInvis .   a - +1 shortbow
rCold    . . .     Gourm    .   (shield currently unavailable)
rNeg     . . .     Faith    .   c - +0 leather armour
rPois    .         Spirit   .   (helmet restricted)
rElec    .         Reflect  .   (no cloak)
rCorr    .         Harm     .   m - +0 pair of gloves
MR       .....                  (no boots)
Stlth    +.........             (no amulet)
Regen    0.2/turn               i - +4 ring of dexterity
MPRegen  0.1/turn               (no ring)

@: no status effects
A: retaliatory headbutt, horns 2
a: no special abilities


You were on level 5 of the Dungeon.
You were full.

You visited 1 branch of the dungeon, and saw 5 of its levels.

You collected 174 gold pieces.

Inventory:

Hand Weapons
 a - a +1 shortbow (weapon)
 b - a +0 short sword
Missiles
 d - 6 arrows (quivered)
Armour
 c - a +0 leather armour (worn)
 m - a +0 pair of gloves (worn)
Jewellery
 i - a +4 ring of dexterity (left hand)
 q - an uncursed amulet of the gourmand {unknown}
 r - a +4 ring of dexterity
Wands
 p - a wand of confusion (10/48)
Scrolls
 e - 3 scrolls of teleportation
 h - a scroll of fear
 k - a scroll of identify
 l - a scroll of fog {unknown}
 s - a scroll of immolation {unknown}
 u - a scroll of blinking
Potions
 j - a potion of curing {unknown}
 n - a potion of might
Comestibles
 f - 2 bread rations
 g - 2 meat rations


   Skills:
 + Level 4.2 Fighting
 + Level 2.5 Short Blades
 + Level 7.8 Bows
 + Level 2.6 Armour
 + Level 3.0 Dodging
 + Level 1.3 Stealth


You had 6 spell levels left.
You didn't know any spells.

Dungeon Overview and Level Annotations

Branches:
Dungeon (5/15)             Temple (0/1) D:5

Altars:
Zin

Annotations:
D:3 Crazy Yiuf


Innate Abilities, Weirdness & Mutations

You reflexively headbutt those who attack you in melee.
You have a pair of horns on your head.


Message History

Press: ? - help, Shift-Dir - straight line, f/p - troll
Aim: a troll (moderately wounded)
You shoot an arrow. The arrow hits the troll.
The troll is heavily wounded.
The troll bites you but does no damage. The troll misses you.
The troll claws you but does no damage.
Firing (i - inventory):
d - 8 arrows (quivered)
Press: ? - help, Shift-Dir - straight line, f/p - troll
Aim: a troll (heavily wounded)
You shoot an arrow. The arrow closely misses the troll.
The troll bites you. The troll claws you!
* * * LOW HITPOINT WARNING * * *
The troll claws you but does no damage.
Firing (i - inventory):
d - 7 arrows (quivered)
Press: ? - help, Shift-Dir - straight line, f/p - troll
Aim: a troll (moderately wounded)
You shoot an arrow. The arrow hits the troll.
The troll is heavily wounded.
The troll bites you!
You die...

#.............P♣
#...........⌠..♣
##............P♣♣
##.......♣....P♣♣
###.....#♣♣P...P♣
.........♣♣P.>.P♣
#####....♣♣P...P♣
..#.###.....#♣♣♣PPP♣♣
..(.(((.@...# ♣♣♣♣♣
.##.....T.###
#####(### #.# #.# #.#
#.# #.#


You could see a troll.

Vanquished Creatures
  Sigmund (D:3)
  An ogre (D:4)
  2 scorpions
  2 bullfrog skeletons
  An iguana (D:4)
  3 worker ants
  9 adders
  2 oozes (D:1)
  4 worms (D:2)
  A dart slug (D:4)
  A leopard gecko (D:1)
  2 orcs (D:3)
  2 giant cockroaches
  10 goblins
  2 hobgoblins
  5 jackals
  2 quokkas (D:4)
  3 ball pythons
  5 bats
  5 frilled lizards
  7 kobolds
  6 rats
  2 plants (D:5)
78 creatures vanquished.

Notes
Turn   | Place    | Note
-------+----------+-------------------------------------------
     0 | D:1      | Alfie the Minotaur Hunter began the quest for the Orb.
     0 | D:1      | Reached XP level 1. HP: 18/18 MP: 0/0
   121 | D:1      | Reached XP level 2. HP: 15/25 MP: 1/1
   207 | D:1      | Reached skill level 5 in Bows
   636 | D:1      | Reached XP level 3. HP: 26/30 MP: 2/2
  1062 | D:2      | Reached skill level 1 in Armour
  1284 | D:2      | Reached XP level 4. HP: 37/37 MP: 3/3
  1684 | D:3      | Found a runed door.
  1719 | D:3      | Reached skill level 1 in Stealth
  1874 | D:3      | Noticed Sigmund
  1894 | D:3      | Killed Sigmund
  1894 | D:3      | Reached skill level 1 in Short Blades
  1894 | D:3      | Reached skill level 6 in Bows
  1894 | D:3      | Reached XP level 5. HP: 15/45 MP: 4/4
  1942 | D:3      | Reached XP level 6. HP: 26/51 MP: 5/5
  2026 | D:3      | Found Zin's Purification Station.
  2027 | D:3      | Found a glowing silver altar of Zin.
  2465 | D:3      | Noticed Crazy Yiuf
  2646 | D:4      | Reached skill level 7 in Bows
  3048 | D:4      | Reached XP level 7. HP: 37/58 MP: 6/6
  3295 | D:5      | Entered Level 5 of the Dungeon
  3311 | D:5      | Found a staircase to the Ecumenical Temple.
  3314 | D:5      | Found a faded altar of an unknown god.
  3445 | D:5      | Noticed a troll
  3455 | D:5      | Slain by a troll

Skill      XL: |  1  2  3  4  5  6  7 |
---------------+----------------------+-----
Bows           | 5 6 7 |  7.8
Armour         | 1 2 |  2.6
Stealth        | 1 |  1.3
Fighting       | 3 4 |  4.2
Short Blades   | 1 2 |  2.5
Dodging        | 3 |  3.0

Action                   |  1- 3 |  4- 6 |  7- 9 || total
-------------------------+-------+-------+-------++-------
Melee: Short sword       |    14 |    48 |    72 ||   134
       Headbutt          |     2 |    14 |    32 ||    48
 Fire: Shortbow          |    67 |    75 |    31 ||   173
  Use: Scroll            |     4 |       |       ||     4
       Potion            |       |     5 |       ||     5
  Eat: Royal jelly       |     1 |       |       ||     1
       Bread ration      |       |     1 |     1 ||     2
       Fruit             |       |       |     2 ||     2
Armor: Leather armour    |     6 |    10 |     4 ||    20
Dodge: Dodged            |    19 |    40 |     8 ||    67
